 Dungeon Crawl Stone Soup version 0.16.1-14-g82efdee (webtiles) character file.

64 KarvaRausku the Chopper (level 4, -7/35 HPs)
             Began as a Human Fighter on Apr 14, 2015.
             Killed from afar by Terence (9 damage)
             ... with a wand of flame
             ... on level 2 of the Dungeon.
             The game lasted 00:02:06 (1319 turns).

KarvaRausku the Chopper (Human Fighter)             Turns: 1319, Time: 00:02:06

Health: -7/35      AC: 10    Str: 18    XL:     4   Next: 32%
Magic:  4/4        EV:  2    Int:  8    God:
Gold:   70         SH:  8    Dex: 12    Spells: 0 memorised, 3 levels left

rFire  . . .     SeeInvis .     a - +0 war axe
rCold  . . .     Clarity  .     l - +0 plate armour
rNeg   . . .     SustAb   .     c - +0 shield
rPois  .         Gourm    .     (no helmet)
rElec  .         Spirit   .     (no cloak)
rCorr  .         Warding  .     (no gloves)
rMut   .         Stasis   .     (no boots)
MR     .....                    (no amulet)
Stlth  ..........               (no ring)
                                (no ring)

@: drained, not resistant to hostile enchantments, extremely unstealthy
A: no striking features
a: no special abilities


You were on level 2 of the Dungeon.
You were hungry.

You visited 1 branch of the dungeon, and saw 2 of its levels.

You collected 70 gold pieces.

Inventory:

Hand weapons
 a - a +0 war axe (weapon)
Armour
 b - a +0 scale mail
 c - a +0 shield (worn)
 l - a +0 plate armour (worn)
Scrolls
 g - 2 scrolls of recharging {unknown}
 i - a scroll of identify {unknown}
 n - a scroll of remove curse {unknown}
Potions
 e - a potion of might
 f - a potion of cure mutation {unknown}
 h - a potion of mutation {unknown}
 m - a potion of haste {unknown}
 o - 3 potions of curing {unknown}
 p - a potion of resistance {unknown}
Comestibles
 d - 3 bread rations
 j - a meat ration
 k - 4 fruits


   Skills:
 - Level 3.0(2.1) Fighting
 + Level 4.2(3.4) Axes
 - Level 3.0(2.1) Armour
 - Level 3.0(2.1) Shields


You had 3 spell levels left.
You didn't know any spells.

Dungeon Overview and Level Annotations

Branches:
Dungeon (2/15)

Altars:

Annotations:
D:2 Terence


Message History

Terence zaps a wand.
The puff of flame hits you!
You closely miss Terence.
Terence zaps a wand.
The puff of flame hits you!
Terence zaps a wand.
The puff of flame hits you!
* * * LOW HITPOINT WARNING * * *
Unknown command.
You are too injured to fight recklessly!
Unknown command.
You are too injured to fight recklessly!
You are too injured to fight recklessly!
You are too injured to fight recklessly!
You are too injured to fight recklessly!
You are too injured to fight recklessly!
You are too injured to fight recklessly!
Terence zaps a wand.
The puff of flame hits you!
* * * LOW HITPOINT WARNING * * *
Terence zaps a wand.
The puff of flame hits you!
Terence zaps a wand.
The puff of flame hits you!
* * * LOW HITPOINT WARNING * * *
Terence zaps a wand.
The puff of flame hits you!
You die...

..............###### #.......#
......#.^......#######.......#
......#......................#
.....##........#######....####
####.......##### #....#
####.....#### #....#
####...###....## #....#
##....### ####).######....#
...#### ##.@......#.### .###
#######@.#...# .#####
##########..#...# .....##
#..........##!..# ####..####
#.........@#....#
##....###...............#
#######....†...............#
........##............##...#
...........#..........# ####


You could see Terence.

Vanquished Creatures
  Ijyb (D:2)
  An adder (D:2)
  A worm (D:2)
  A giant gecko (D:2)
  An ooze (D:2)
  4 bats
  4 giant cockroaches
  3 hobgoblins
  2 jackals (D:1)
  A ball python (D:2)
  A giant newt (D:1)
  2 kobolds (D:2)
  A quokka (D:2)
  6 rats
29 creatures vanquished.

Notes
Turn   | Place    | Note
--------------------------------------------------------------
     0 | D:1      | KarvaRausku, the Human Fighter, began the quest for the Orb.
     0 | D:1      | Reached XP level 1. HP: 18/18 MP: 1/1
   335 | D:1      | Reached XP level 2. HP: 20/24 MP: 2/2
   681 | D:2      | Reached XP level 3. HP: 26/29 MP: 3/3
  1044 | D:2      | Noticed Ijyb
  1063 | D:2      | Killed Ijyb
  1063 | D:2      | Reached skill level 4 in Axes
  1063 | D:2      | Reached XP level 4. HP: 26/35 MP: 4/4
  1307 | D:2      | Noticed Terence
  1314 | D:2      | HP: 1/35 [Terence/wand of flame (5)]
  1319 | D:2      | Killed from afar by Terence

Action                   |  1- 3 |  4- 6 || total
-------------------------+-------+-------++-------
Melee: War axe           |    90 |    22 ||   112
  Eat: Chunk             |       |     1 ||     1
